MAA
ST. ALBERT PRODIGY @ BELVEDERE PARK RAWHIDES
08/30/2018
 
TOP OF THE 1ST
St. Albert Prodigy batting - Pitching for Belvedere Park Rawhides : LHP Eric Patnode
Pitching: LHP Eric Patnode
Batting: RHB Anthony Trujillo 0-0: Ball
1-0: Ball
2-0: Ball
3-0: Base on Balls
Batting: SHB Jim Unknown Pickoff Throw to First - Error! E1
Anthony Trujillo to second
0-0: Called Strike
0-1: Foul Ball, location: 2F
0-2: Strikes out looking
Batting: RHB Carlos Mercado 0-0: Called Strike
0-1: Foul Ball, location: 2F
0-2: Ground out 5-3 (Groundball, 56S)
Anthony Trujillo to third
Batting: RHB Bernardo Burgos 0-0: Swinging Strike
0-1: Swinging Strike
0-2: Fly out, F3 (Popup, 3SF)
Top of the 1st over - 0 run(s), 0 hit(s), 1 error(s), 1 left on base; St. Albert 0 - Belvedere Park 0
BOTTOM OF THE 1ST
Belvedere Park Rawhides batting - Pitching for St. Albert Prodigy : RHP John Ashley
Pitching: RHP John Ashley
Batting: RHB Ralph McKnight 0-0: Called Strike
0-1: Ground out 4-3 (Groundball, 34)
Batting: RHB Michael Taylor 0-0: Reached on error, E6 (Groundball, 6M)
Batting: SHB Jason Alexander 0-0: SINGLE (Groundball, 34D)
Michael Taylor to second
Runner from 2nd tries for 3rd, SAFE, no throw or cutoff
Batting: LHB Tomás Guillén 0-0: Foul Ball, location: 2F
0-1: Foul Ball, location: 2F
0-2: Foul Ball, location: 2F
0-2: Ball
1-2: Ball
2-2: Ball
3-2: Fly out, F8 (Flyball, 8RXD)
Runner from 3rd tags up, SCORES, no throw
Now in CF: Bruce Reiser
Batting: LHB Mike Hanson 0-0: Swinging Strike
0-1: Called Strike
0-2: Strikes out swinging
Bottom of the 1st over - 1 run(s), 1 hit(s), 1 error(s), 1 left on base; St. Albert 0 - Belvedere Park 1
TOP OF THE 2ND
St. Albert Prodigy batting - Pitching for Belvedere Park Rawhides : LHP Eric Patnode
Batting: SHB Monte Adams 0-0: Ball
1-0: Called Strike
1-1: SINGLE (Flyball, 9S) - OUT at second base trying to stretch hit.
Batting: RHB Larry Mason 0-0: Ball
1-0: Ball
2-0: Ball
3-0: Base on Balls
Batting: RHB Dirk Davis 0-0: Ball
1-0: DOUBLE (Groundball, 5L)
Larry Mason to third
Batting: RHB Harrison Blackford 0-0: Foul Ball, location: 2F
0-1: Ball
1-1: Ball
2-1: Ball
3-1: Base on Balls
Batting: LHB Abel Kelly 0-0: Ball
1-0: Called Strike
1-1: Ball
2-1: Ball
3-1: Base on Balls
Larry Mason scores
Dirk Davis to third
Harrison Blackford to second
Batting: RHB Bruce Reiser 0-0: Foul Ball, location: 2F
0-1: Ground out 4-3 (Groundball, 4M)
Dirk Davis scores
Harrison Blackford to third
Abel Kelly to second
Batting: SHB Jim Unknown 0-0: Swinging Strike
0-1: Ball
1-1: DOUBLE (Line Drive, 9LM)
Harrison Blackford scores
Abel Kelly scores
Batting: RHB Carlos Mercado 0-0: Ball
1-0: Called Strike
1-1: Foul Ball, location: 2F
1-2: Fly out, F9 (Flyball, 9M)
Top of the 2nd over - 4 run(s), 3 hit(s), 0 error(s), 1 left on base; St. Albert 4 - Belvedere Park 1
BOTTOM OF THE 2ND
Belvedere Park Rawhides batting - Pitching for St. Albert Prodigy : RHP John Ashley
Batting: RHB Marlon Cummins 0-0: Called Strike
0-1: DOUBLE (Flyball, 7LD)
Batting: SHB Phil Moore 0-0: Called Strike
0-1: Called Strike
0-2: Ball
1-2: Strikes out swinging
Batting: LHB Eugene Lawrence 0-0: Fly out, F9 (Flyball, 9LM)
Batting: RHB Danny Penn 0-0: Foul Ball, location: 2F
0-1: Ball
1-1: Foul Ball, location: 2F
1-2: Strikes out swinging
Bottom of the 2nd over - 0 run(s), 1 hit(s), 0 error(s), 1 left on base; St. Albert 4 - Belvedere Park 1
TOP OF THE 3RD
St. Albert Prodigy batting - Pitching for Belvedere Park Rawhides : LHP Eric Patnode
Batting: RHB Bernardo Burgos 0-0: Called Strike
0-1: Ball
1-1: Swinging Strike
1-2: Ground out 6-3 (Groundball, 6)
Batting: SHB Monte Adams 0-0: Called Strike
0-1: Ball
1-1: Called Strike
1-2: Ball
2-2: Ball
3-2: Foul Ball, location: 2F
3-2: Foul Ball, location: 2F
3-2: Base on Balls
Batting: RHB Larry Mason 0-0: Ball
1-0: Ball
2-0: Called Strike
2-1: Swinging Strike
2-2: Ball
3-2: Base on Balls
Monte Adams to second
Batting: RHB Dirk Davis 0-0: Foul Ball, location: 2F
0-1: Swinging Strike
0-2: Ball
1-2: SINGLE (Line Drive, 7LS)
Monte Adams to third
Larry Mason to second
Runner from 3rd tries for Home, SAFE, throw made home
Batting: RHB Harrison Blackford 0-0: Foul Ball, location: 2F
0-1: Called Strike
0-2: Ball
1-2: Ball
2-2: Strikes out looking
Batting: LHB Abel Kelly 0-0: Swinging Strike
0-1: Ball
1-1: Called Strike
1-2: Ball
2-2: Strikes out swinging
Top of the 3rd over - 1 run(s), 1 hit(s), 0 error(s), 2 left on base; St. Albert 5 - Belvedere Park 1
BOTTOM OF THE 3RD
Belvedere Park Rawhides batting - Pitching for St. Albert Prodigy : RHP John Ashley
Batting: RHB Ralph McKnight 0-0: Ball
1-0: Ball
2-0: Called Strike
2-1: Ball
3-1: Bunted foul
3-2: Ground out 5-3 (Groundball, 56S)
Batting: RHB Michael Taylor 0-0: Fly out, F3 (Popup, 3SF)
Batting: SHB Jason Alexander 0-0: Called Strike
0-1: Foul Ball, location: 2F
0-2: Ball
1-2: Ball
2-2: Strikes out looking
Bottom of the 3rd over - 0 run(s), 0 hit(s), 0 error(s), 0 left on base; St. Albert 5 - Belvedere Park 1
TOP OF THE 4TH
St. Albert Prodigy batting - Pitching for Belvedere Park Rawhides : LHP Eric Patnode
Batting: RHB Bruce Reiser 0-0: Swinging Strike
0-1: Foul Ball, location: 2F
0-2: Foul Ball, location: 2F
0-2: SINGLE (Groundball, 56)
Batting: SHB Jim Unknown 0-0: Swinging Strike
0-1: Grounds into double play, 1-6-3 (Groundball, 25)
Batting: RHB Carlos Mercado 0-0: Foul Ball, location: 2F
0-1: Foul Ball, location: 2F
0-2: Ball
1-2: Foul Ball, location: 2F
1-2: Hit by Pitch
Batting: RHB Bernardo Burgos 0-0: Ball
1-0: Ball
2-0: Ball
3-0: Base on Balls
Carlos Mercado to second
Batting: SHB Monte Adams 0-0: Ball
1-0: Called Strike
1-1: Foul Ball, location: 2F
1-2: Strikes out looking
Top of the 4th over - 0 run(s), 1 hit(s), 0 error(s), 2 left on base; St. Albert 5 - Belvedere Park 1
BOTTOM OF THE 4TH
Belvedere Park Rawhides batting - Pitching for St. Albert Prodigy : RHP John Ashley
Batting: LHB Tomás Guillén 0-0: Foul Ball, location: 2F
0-1: Ball
1-1: Foul Ball, location: 2F
1-2: Ball
2-2: Foul Ball, location: 2F
2-2: Ball
3-2: Strikes out swinging, 2-3 out at first.
Batting: LHB Mike Hanson 0-0: Ball
1-0: Foul Ball, location: 2F
1-1: Foul Ball, location: 2F
1-2: Fly out, F8 (Line Drive, 8LM)
Batting: RHB Marlon Cummins 0-0: Foul Ball, location: 2F
0-1: Ground out 6-3 (Groundball, 6)
Bottom of the 4th over - 0 run(s), 0 hit(s), 0 error(s), 0 left on base; St. Albert 5 - Belvedere Park 1
TOP OF THE 5TH
St. Albert Prodigy batting - Pitching for Belvedere Park Rawhides : LHP Eric Patnode
Batting: RHB Larry Mason 0-0: Ball
1-0: Ball
2-0: Called Strike
2-1: SINGLE (Line Drive, 6MD)
Pitching: LHP Marc Burns
Batting: RHB Dirk Davis 0-0: Ball
1-0: Ball
2-0: Called Strike
2-1: Grounds into double play, 6-4-3 (Groundball, 6)
Batting: RHB Harrison Blackford 0-0: Ball
1-0: Called Strike
1-1: Ball
2-1: Swinging Strike
2-2: Ball
3-2: Fly out, F9 (Flyball, 89M)
Top of the 5th over - 0 run(s), 1 hit(s), 0 error(s), 0 left on base; St. Albert 5 - Belvedere Park 1
BOTTOM OF THE 5TH
Belvedere Park Rawhides batting - Pitching for St. Albert Prodigy : RHP John Ashley
Batting: SHB Phil Moore 0-0: Called Strike
0-1: Foul Ball, location: 2F
0-2: Ball
1-2: Ball
2-2: Strikes out looking
Batting: LHB Eugene Lawrence 0-0: Ball
1-0: Called Strike
1-1: Called Strike
1-2: Foul Ball, location: 2F
1-2: Strikes out looking
Batting: RHB Danny Penn 0-0: Ball
1-0: Ball
2-0: Ball
3-0: Base on Balls
Pitching: LHP Manuel Ortíz
Batting: RHB Ralph McKnight 0-0: Ball
1-0: Foul Ball, location: 2F
1-1: Swinging Strike
1-2: Fly out, F9 (Flyball, 9M)
Bottom of the 5th over - 0 run(s), 0 hit(s), 0 error(s), 1 left on base; St. Albert 5 - Belvedere Park 1
TOP OF THE 6TH
St. Albert Prodigy batting - Pitching for Belvedere Park Rawhides : LHP Marc Burns
Batting: LHB Abel Kelly 0-0: Foul Ball, location: 2F
0-1: Ball
1-1: Ball
2-1: Swinging Strike
2-2: Strikes out swinging
Batting: RHB Bruce Reiser 0-0: Ball
1-0: Fly out, F9 (Popup, 9S)
Batting: SHB Jim Unknown 0-0: Ground out 4-3 (Groundball, 4)
Top of the 6th over - 0 run(s), 0 hit(s), 0 error(s), 0 left on base; St. Albert 5 - Belvedere Park 1
BOTTOM OF THE 6TH
Belvedere Park Rawhides batting - Pitching for St. Albert Prodigy : LHP Manuel Ortíz
Batting: RHB Michael Taylor 0-0: Called Strike
0-1: Ball
1-1: Fly out, F3 (Popup, 3F)
Batting: SHB Jason Alexander 0-0: Ball
1-0: Ball
2-0: Called Strike
2-1: Swinging Strike
2-2: Foul Ball, location: 2F
2-2: SINGLE (Groundball, 6)
Batting: LHB Tomás Guillén 0-0: Called Strike
0-1: Foul Ball, location: 2F
0-2: Ball
1-2: Strikes out swinging
Batting: LHB Mike Hanson 0-0: Called Strike
0-1: Swinging Strike
0-2: Ball
1-2: Strikes out swinging
Bottom of the 6th over - 0 run(s), 1 hit(s), 0 error(s), 1 left on base; St. Albert 5 - Belvedere Park 1
TOP OF THE 7TH
St. Albert Prodigy batting - Pitching for Belvedere Park Rawhides : LHP Marc Burns
Pitching: RHP Paul Abbott
Batting: RHB Carlos Mercado 0-0: Swinging Strike
0-1: Called Strike
0-2: Ball
1-2: Strikes out swinging
Batting: RHB Bernardo Burgos 0-0: Called Strike
0-1: Ground out 6-3 (Groundball, 6)
Batting: SHB Monte Adams 0-0: Fly out, F8 (Line Drive, 89XD)
Top of the 7th over - 0 run(s), 0 hit(s), 0 error(s), 0 left on base; St. Albert 5 - Belvedere Park 1
BOTTOM OF THE 7TH
Belvedere Park Rawhides batting - Pitching for St. Albert Prodigy : LHP Manuel Ortíz
Batting: RHB Marlon Cummins 0-0: Ball
1-0: Called Strike
1-1: Fly out, F5 (Popup, 5DF)
Batting: SHB Phil Moore 0-0: Foul Ball, location: 2F
0-1: SINGLE (Groundball, 6MD) (infield hit)
Batting: LHB Eugene Lawrence 0-0: Called Strike
0-1: Foul Ball, location: 2F
0-2: Strikes out looking
Pitching: RHP Cal Pierce
Batting: RHB Danny Penn 0-0: Called Strike
0-1: Swinging Strike
0-2: Foul Ball, location: 2F
0-2: Foul Ball, location: 2F
0-2: Strikes out swinging
Bottom of the 7th over - 0 run(s), 1 hit(s), 0 error(s), 1 left on base; St. Albert 5 - Belvedere Park 1
TOP OF THE 8TH
St. Albert Prodigy batting - Pitching for Belvedere Park Rawhides : RHP Paul Abbott
Batting: RHB Larry Mason 0-0: Ball
1-0: Ball
2-0: Fly out, F7 (Flyball, 78M)
Batting: RHB Dirk Davis 0-0: Ball
1-0: Ball
2-0: Ball
3-0: Called Strike
3-1: Swinging Strike
3-2: Foul Ball, location: 2F
3-2: Foul Ball, location: 2F
3-2: Strikes out swinging
Batting: RHB Harrison Blackford 0-0: Foul Ball, location: 2F
0-1: Called Strike
0-2: Foul Ball, location: 2F
0-2: Strikes out swinging
Top of the 8th over - 0 run(s), 0 hit(s), 0 error(s), 0 left on base; St. Albert 5 - Belvedere Park 1
BOTTOM OF THE 8TH
Belvedere Park Rawhides batting - Pitching for St. Albert Prodigy : RHP Cal Pierce
Batting: RHB Ralph McKnight 0-0: Ball
1-0: Bunted foul
1-1: Ball
2-1: Ball
3-1: Base on Balls
Batting: RHB Michael Taylor 0-0: Ball
1-0: Foul Ball, location: 2F
1-1: Ball
2-1: Swinging Strike
2-2: Ball
3-2: Fly out, F8 (Flyball, 8RM)
Batting: SHB Jason Alexander 0-0: Ball
1-0: Ball
2-0: Called Strike
2-1: Called Strike
2-2: Grounds into double play, 6-4-3 (Groundball, 6)
Bottom of the 8th over - 0 run(s), 0 hit(s), 0 error(s), 0 left on base; St. Albert 5 - Belvedere Park 1
TOP OF THE 9TH
St. Albert Prodigy batting - Pitching for Belvedere Park Rawhides : RHP Paul Abbott
Batting: LHB Abel Kelly 0-0: Fly out, F7 (Popup, 7S)
Batting: RHB Bruce Reiser 0-0: Ball
1-0: Swinging Strike
1-1: SINGLE (Groundball, 56)
Batting: SHB Jim Unknown 0-0: Ball
1-0: Ball
2-0: Called Strike
2-1: Ball
3-1: Fly out, F9 (Flyball, 9LM)
Batting: RHB Carlos Mercado 0-0: Foul Ball, location: 2F
0-1: Swinging Strike
0-2: Ball
1-2: Strikes out looking
Top of the 9th over - 0 run(s), 1 hit(s), 0 error(s), 1 left on base; St. Albert 5 - Belvedere Park 1
BOTTOM OF THE 9TH
Belvedere Park Rawhides batting - Pitching for St. Albert Prodigy : RHP Cal Pierce
Batting: LHB Tomás Guillén 0-0: Fly out, F8 (Flyball, 8LM)
Batting: LHB Mike Hanson 0-0: Fly out, F9 (Line Drive, 89M)
Batting: RHB Marlon Cummins 0-0: Ball
1-0: Ball
2-0: Swinging Strike
2-1: SINGLE (Line Drive, 78S)
Batting: SHB Phil Moore 0-0: Ball
1-0: Fly out, F6 (Line Drive, 6)
Bottom of the 9th over - 0 run(s), 1 hit(s), 0 error(s), 1 left on base; St. Albert 5 - Belvedere Park 1
This league is powered by Out of the Park Baseball, the baseball management simulation game for PC, Mac and Linux
Monday, May 4th, 2015 - OOTP Baseball 15.6 Build 34